 Dungeon Crawl Stone Soup version 0.28.0-53-g5a82cb258f (webtiles) character file.

Game seed: 13237019756732009468

1322751 Godmorgon the Bringer of Law (level 27, -2/273 HPs)
             Began as a Minotaur Fighter on Aug 15, 2022.
             Was the Champion of Zin.
             Killed by divine providence
             ... invoked by a royal mummy
              (14 damage)
             ... while paralysed by a Zot trap
             ... on level 2 of the Tomb of the Ancients on Aug 20, 2022.
             The game lasted 16:26:11 (145702 turns).

Godmorgon the Bringer of Law (Minotaur Fighter)   Turns: 145702, Time: 16:26:12

Health: -2/273     AC: 53    Str: 42    XL:     27
Magic:  39/39      EV:  2    Int: 21    God:    Zin [******]
Gold:   2837       SH:  0    Dex: 20    Spells: 26/26 levels left

rFire   + . .      SeeInvis .   a - +9 sacred scourge (holy)
rCold   + + .      Faith    .   P - +3 tower shield {reflect}
rNeg    + + +      Spirit   .   Z - +12 gold dragon scales
rPois   ∞          Reflect  +   D - +3 hat of the Pit {Will+ rCorr Int-3 Slay+6}
rElec   .          Harm     .   K - +2 cloak {Will+}
rCorr   +          Rampage  .   A - +2 pair of gloves {hurl}
Will    +++++                   Q - +1 pair of boots of the Blizzard {Str+3 Dex+2 Slay+2}
Stlth   +.........              p - macabre finger necklace {rN+}
HPRegen 0.55/turn               v - +4 ring of slaying
MPRegen 0.26/turn               z - ring of the Gloaming {rN+ Will++ Int+6 Dex-2 Stlth+}
                                I - ring of positive energy

@: paralysed, vitalised, on recite cooldown, held, slowed, studying 7 skills
A: horns 2, retaliatory headbutt, cold resistance 1
}: 14/15 runes: decaying, serpentine, slimy, silver, iron, obsidian, icy, bone,
abyssal, demonic, glowing, magical, fiery, dark
a: Renounce Religion, Recite, Vitalisation, Imprison, Sanctuary, Donate Gold


You were on level 2 of the Tomb of the Ancients.
You worshipped Zin.
Zin was exalted by your worship.
You visited 18 branches of the dungeon, and saw 88 of its levels.
You visited Pandemonium 12 times, and saw 28 of its levels.
You visited the Abyss 6 times.
You also visited: Sewer, Bailey, Volcano and Desolation.

You collected 18950 gold pieces.
You spent 5943 gold pieces at shops.
You donated 10170 gold pieces to Zin.

Inventory:

Hand Weapons
 a - a +9 sacred scourge of holy wrath (weapon)
 b - a +9 eveningstar of protection
 c - the +5 flail of Gehenna {spect, rElec rC+ Str-3 Dex+3}
   (Okawaru gifted it to you on level 4 of the Vaults)

   When its wielder attacks, the weapon's spirit leaps out and strikes again.
   The spirit shares a part of any damage it takes with its wielder.
   Str:       It affects your strength (-3).
   Dex:       It affects your dexterity (+3).
   rC:        It protects you from cold.
   rElec:     It insulates you from electricity.
Missiles
 e - 8 silver boomerangs
 g - 43 atropa-tipped darts
 h - 14 javelins (quivered)
 j - 27 silver javelins
 w - 5 boomerangs
 E - 13 throwing nets
 S - 36 curare-tipped darts
Armour
 A - a +2 pair of gloves of hurling (worn)
 B - a scarf of resistance
 D - the +3 hat of the Pit (worn) {Will+ rCorr Int-3 Slay+6}
   (You found it on level 4 of the Vaults)

   Int:       It affects your intelligence (-3).
   Slay:      It affects your accuracy & damage with ranged weapons and melee
   (+6).
   rCorr:     It protects you from acid and corrosion.
   Will:      It increases your willpower.
 K - a +2 cloak of willpower (worn)
 P - a +3 tower shield of reflection (worn)
 Q - the +1 pair of boots of the Blizzard (worn) {Str+3 Dex+2 Slay+2}
   (You bought it in a shop on level 8 of the Dungeon)

   Str:       It affects your strength (+3).
   Dex:       It affects your dexterity (+2).
   Slay:      It affects your accuracy & damage with ranged weapons and melee
   (+2).
 Z - +12 gold dragon scales (worn)
Jewellery
 n - a ring of flight
 p - the macabre finger necklace (around neck) {rN+}
   (You found it on level 7 of Tartarus)

   [amulet of nothing]

   It enables you to equip an extra ring.
   rN:        It protects you from negative energy.
 t - the ring "Doisanah" {EV+4 Int+3 Stlth+}
   (You found it on level 2 of the Crypt)

   [ring of evasion]

   EV:        It affects your evasion (+4).
   Int:       It affects your intelligence (+3).
   Stlth:     It makes you more stealthy.
 v - a +4 ring of slaying (left hand)
 z - the ring of the Gloaming (right hand) {rN+ Will++ Int+6 Dex-2 Stlth+}
   (You found it on level 7 of Tartarus)

   [ring of intelligence]

   Int:       It affects your intelligence (+6).
   Dex:       It affects your dexterity (-2).
   rN:        It protects you from negative energy.
   Will:      It greatly increases your willpower.
   Stlth:     It makes you more stealthy.
 C - the ring of Shadows {Umbra +Inv Stlth+}
   (You found it on level 7 of Gehenna)

   [ring of stealth]

   It surrounds you with an aura of shadow, increasing your stealth and reducing
   the accuracy of all others within it.
   +Inv:      It lets you turn invisible.
   Stlth:     It makes you more stealthy.
 I - a ring of positive energy (on amulet)
 J - the ring of Leaves {rC+ Str+6 Int-4 SInv}
   (You found it on level 7 of Gehenna)

   [ring of strength]

   Str:       It affects your strength (+6).
   Int:       It affects your intelligence (-4).
   rC:        It protects you from cold.
   SInv:      It lets you see invisible.
 V - the ring of Othomoni {rPois rF+ Dex+4}
   (You found it on level 3 of the Elven Halls)

   [ring of protection from fire]

   Dex:       It affects your dexterity (+4).
   rF:        It protects you from fire.
   rPois:     It protects you from poison.
Wands
 F - a wand of digging (42)
Scrolls
 k - 9 scrolls of blinking
 l - 9 scrolls of silence
 q - 13 scrolls of fear
 u - 13 scrolls of fog
 x - 6 scrolls of holy word
 y - 8 scrolls of summoning
 H - 11 scrolls of magic mapping
 M - 15 scrolls of teleportation
Potions
 d - 15 potions of might
 f - 4 potions of cancellation
 i - 32 potions of curing
 m - 7 potions of mutation
 o - 11 potions of magic
 r - 8 potions of heal wounds
 s - 9 potions of berserk rage
 G - 4 potions of invisibility
 L - a potion of flight
 O - 5 potions of ambrosia
 R - 10 potions of haste
 T - 6 potions of resistance
Miscellaneous
 X - a phantom mirror


   Skills:
 O Level 27 Fighting
 - Level 20.0 Maces & Flails
 + Level 24.6 Throwing
 O Level 27 Armour
 O Level 27 Dodging
 + Level 18.7 Stealth
 O Level 27 Shields
 O Level 27 Invocations
 * Level 26.2 Evocations


You had 26 spell levels left.
You didn't know any spells.
Your spell library was empty.

Dungeon Overview and Level Annotations

Branches:
Dungeon (15/15)            Temple (1/1) D:6            Lair (6/6) D:8
  Swamp (4/4) Lair:3        Snake (4/4) Lair:3        Slime (5/5) Lair:6
    Orc (2/2) D:11            Elf (3/3) Orc:2        Vaults (5/5) D:14
  Crypt (3/3) Vaults:2       Tomb (2/3) Crypt:3      Depths (4/4) D:15
   Hell (visited)             Dis (7/7) Hell            Geh (7/7) Hell
    Coc (7/7) Hell            Tar (7/7) Hell            Zot (5/5) Depths:4
  Sewer (visited)          Bailey (visited)         Volcano (visited)
Desolation (visited)

Altars:
Ashenzari
Cheibriados
Dithmenos
Elyvilon
Fedhas
Gozag
Hepliaklqana
Kikubaaqudgha
Makhleb
Nemelex Xobeh
Okawaru
Qazlal
Ru
Sif Muna
Trog
Uskayaw
Vehumet
Wu Jian
Xom
Yredelemnul
Zin
The Shining One
Beogh
Lugonu

Shops:
D:6 [   D:8 ***?   D:9 *   D:10 (*(   D:14 :   D:15 *   Orc:1 **[(
Orc:2 :(**[   Elf:2 :   Snake:4 :*[:   Vaults:3 :!   Vaults:4 [   Depths:1 *==:
Depths:3 :!

Portals:
Hell: Depths:1 Depths:2 Depths:3 Depths:4
Abyss: Depths:1 Depths:3 Depths:4
Pandemonium: Depths:2
Ziggurat: Depths:1


Innate Abilities, Weirdness & Mutations

You have a pair of horns on your head.
You reflexively headbutt those who attack you in melee.
Your flesh is cold resistant. (rC+)


Message History

The death scarab closely misses you. You furiously retaliate!
You headbutt the death scarab!
You destroy the death scarab!
Zin accepts your kill. The mummy barely misses you. The death scarab bites you!
* * * LOW HITPOINT WARNING * * *
The royal mummy casts a spell.
You thrash the mummy!!
You destroy the mummy!
Zin accepts your kill. You block the death scarab's attack.
The death scarab waves its antennae.
You block the death scarab's attack.
The flying skull shaped pillar of salt crumbles away.
The death scarab completely misses you. You block the death scarab's attack.
You hear a loud "Zot"!
The power of Zot is invoked against you!
You suddenly lose the ability to move!
The death scarab bites you but does no damage.
The death scarab bites you!
* * * LOW HITPOINT WARNING * * *
The death scarab drains your vigour!
You feel as though you will be slow longer.
The death scarab bites you but does no damage. x3
The mummy drops a net on you.
You become entangled in the net!
The death scarab bites you but does no damage.
The royal mummy calls on the powers of darkness!
Your body is wracked with pain!
* * * LOW HITPOINT WARNING * * *
The death scarab bites you but does no damage.
The death scarab bites you!!
* * * LOW HITPOINT WARNING * * *
The death scarab drains your vigour!
You feel as though you will be slow longer.
The death scarab bites you but does no damage.
The death scarab completely misses you.
The death scarab bites you but does no damage.
The royal mummy gestures at you while chanting.
Something smites you!
You die...

#(...[#.(.#..[..#
#.
#....#.....#....#
#.
#..#?....M.#..#
#.
#..#.......#?^#
## #.!M!.....# #.
##...^.....## #.
#.BBM.M^....# #.
##BBMMM....## #.
#@BM......# #<
#..#BZ.....#.^#
#.
#..#.BM...(#..#
#.
#....#.(?..#....#
#.
#.....#.M.#.....#
#.
#......###...(..#
#. #..... ..[. ##
..... .. #. #.


You could see 2 royal mummies, 2 guardian mummies, 7 death scarabs, 6 mummies
and a centaur warrior skeleton.

Vanquished Creatures
  Cerebov (Pan)
  Antaeus (Coc:7)
  Asmodeus (Geh:7)
  the Royal Jelly (Slime:5)
  Lom Lobon (Pan)
  A seraph (Pan)
  the Serpent of Hell (Dis:7)
  8 dread liches
  4 orbs of fire (Zot:5)
  Dispater (Dis:7)
  The ghost of Jiorhin the Wrestler, a legendary TrBe of Trog (Zot:4)
  Khufu (Crypt:1)
  Mara (Vaults:3)
  8 ancient liches
  3 juggernauts
  4 royal mummies
  Boris (thrice) (Depths:3 Crypt:1 Crypt:3)
  the Lernaean hydra (Swamp:4)
  2 Killer Klowns (Zot:5)
  14 shard shrikes
  Saint Roka (Crypt:2)
  19 pandemonium lords (Pan)
  23 caustic shrikes
  Vashnia (Snake:4)
  A curse toe (Zot:4)
  12 golden dragons
  24 bone dragons
  The ghost of Vuhu the Devastator, a veteran GrEE of Lugonu (Crypt:2)
  Geryon (Hell)
  the Enchantress (Depths:2)
  4 profane servitors
  Jory (Crypt:3)
  37 Tzitzimimeh
  11 iron giants
  23 hellephants
  23 Brimstone Fiends
  A spectral shard shrike (Tar:6)
  11 doom hounds
  2 electric golems (Zot:5)
  Jorgrun (D:13)
  20 tentacled monstrosities
  24 Hell Sentinels
  21 Ice Fiends
  11 liches
  11 quicksilver dragons
  25 Orb Guardians
  15 searing wretches
  16 titans
  10 tainted leviathans
  19 acid blobs
  6 tentacled starspawn
  5 deep elf master archers
  10 deep elf blademasters
  A kraken (Abyss:3)
  61 Executioners
  An eldritch tentacle (Pan)
  15 storm dragons
  5 death cobs
  4 sphinxes
  24 ancient champions
  Kirke (Swamp:3)
  Donald (Crypt:1)
  A thorn hunter (Swamp:2)
  Agnes (D:14)
  5 tengu reavers
  13 azure jellies
  4 revenants
  4 nagarajas
  Roxanne (Snake:4)
  2 draconian monks (Zot:1)
  7 rockslimes
  10 shadow dragons
  The ghost of Valamore the Severer, a journeyman MiGl of Gozag (Swamp:1)
  28 fire giants
  19 frost giants
  15 daevas
  55 balrugs
  Aizul (Snake:1)
  23 demonspawn warmongers (Pan)
  5 draconian scorchers
  2 imperial myrmidons (Desolation)
  A spectral caustic shrike (Tar:2)
  5 draconian knights
  15 quicksilver elementals
  11 narguns
  18 vault wardens
  6 deep elf sorcerers
  2 spectral juggernauts
  A caustic shrike zombie (Tar:7)
  11 iron dragons
  6 ghost moths
  7 shard shrike simulacra
  3 curse skulls
  18 ironbound preservers
  5 ghouls
  3 orc warlords
  29 cacodemons (Pan)
  4 draconian annihilators
  5 juggernaut zombies
  30 demonspawn corrupters (Pan)
  18 demonspawn blood saints (Pan)
  3 deep elf elementalists
  2 draconian shifters (Zot:4)
  11 very ugly things
  7 draconian stormcallers
  4 spriggan defenders
  8 quicksilver oozes
  21 angels
  13 ophanim (Pan)
  2 juggernaut skeletons
  34 reapers
  2 caustic shrike skeletons (Crypt:3)
  10 ironbound thunderhulks
  21 stone giants
  17 apis (Pan)
  2 bennus (Tomb:2)
  11 green draconians
  10 deep elf demonologists
  21 elemental wellsprings
  14 putrid mouths
  The ghost of DemonSlayer the Thaumaturge, a journeyman DsFE of Cheibriados (Orc:2)
  13 demonspawn black suns
  40 war gargoyles
  8 black draconians
  2 entropy weavers
  12 wendigos
  11 deep elf annihilators
  The ghost of macfelon the Thaumaturge, a journeyman HuCj of Vehumet (Lair:2)
  10 yellow draconians
  4 dire elephants (Vaults:1)
  33 lorocyprocas
  5 vampire knights
  An entropy weaver (shapeshifter) (Depths:2)
  11 white draconians
  12 purple draconians
  4 bunyips
  3 halazid warlocks (Desolation)
  13 eidola
  10 red draconians
  29 green deaths
  16 iron golems
  13 mummy priests
  7 deep elf death magi
  32 blizzard demons
  A shambling mangrove (Swamp:4)
  5 ettins
  2 spectral spriggans (Tar:4)
  7 fire dragons
  9 deep elf high priests
  The ghost of Starlo the Fighter, a journeyman MiFi of Okawaru (D:10)
  3 ragged hierophants (Desolation)
  A crystal guardian (Desolation)
  12 great orbs of eyes
  11 yaktaur captains
  A spriggan air mage (Depths:1)
  16 naga warriors
  A spectral golden dragon (Zot:4)
  28 hydras
  35 vault guards
  4 jiangshi (Crypt:3)
  8 salamander tyrants
  9 peacekeepers
  5 rakshasas
  2 spriggan zombies
  6 ice dragons
  6 hell beasts (Pan)
  11 caustic shrike simulacra
  Harold (D:9)
  A jorogumo (shapeshifter) (Vaults:5)
  2 ghost crabs
  2 fenstrider witch skeletons
  3 servants of whispers (Desolation)
  8 ironbound frosthearts
  A spectral shadow dragon (Zot:4)
  13 anacondas
  A fenstrider witch zombie (Crypt:3)
  4 ogre magi
  2 spriggan skeletons
  6 centaur warriors
  2 boulder beetles
  7 juggernaut simulacra
  A merfolk avatar (Lair:6)
  2 death knights
  2 spectral draconians (Zot:4)
  3 catoblepae
  A spectral stone giant (Tar:2)
  34 dancing weapons
  46 hell hogs
  8 stokers
  16 two-headed ogres
  15 death scarabs (Tomb:2)
  2 deep troll shamans (Depths:2)
  2 satyrs (Depths:2)
  4 tengu warriors
  4 alligators
  A death yak (Lair:6)
  2 deep troll earth magi
  19 naga sharpshooters
  2 orc high priests
  2 spectral nagas
  7 vampire magi
  8 shock serpents
  36 deep elf knights
  A spectral dire elephant (Tar:4)
  8 spriggan berserkers
  68 soul eaters
  12 thrashing horrors
  16 hell knights
  133 sun demons
  31 shadow wraiths
  10 wretched stars
  A spectral red draconian (Zot:4)
  10 crystal echidnas
  9 salamander mystics
  25 sixfirhies
  13 spriggans
  4 spatial maelstroms
  A spectral anaconda (Tar:6)
  8 quicksilver dragon simulacra
  15 cherubim (Pan)
  7 iron trolls
  20 skeletal warriors
  A spectral bunyip (Tar:1)
  7 glowing orange brains
  A spriggan druid (Swamp:1)
  4 sea snakes (Snake:2)
  62 deep trolls
  6 goliath frogs
  An anaconda zombie (Tomb:2)
  An orange crystal statue (Depths:1)
  9 lindwurms
  An orb spider (shapeshifter) (Vaults:5)
  6 bog bodies
  9 swamp dragons
  9 flayed ghosts
  37 shadow demons
  9 wizards
  9 phantasmal warriors
  20 orc knights
  9 naga ritualists
  A shadow dragon skeleton (Pan)
  An obsidian statue (Zot:5)
  19 ironbound convokers
  21 deep elf archers
  39 deep elf pyromancers
  43 deep elf zephyrmancers
  10 necromancers
  9 mana vipers
  8 harpies (Vaults:1)
  7 shining eyes
  2 tengu skeletons
  2 will-o-the-wisps
  6 orc sorcerers
  4 cyclopes
  3 worldbinders (Abyss:4)
  4 manticores
  5 fauns (Depths:2)
  The ghost of jjjjhere the Archer, a novice SpAM of Okawaru (D:9)
  18 salamanders
  26 ugly things
  3 spectral centaurs
  A jorogumo skeleton (Crypt:1)
  A spectral ettin (Tar:1)
  An iron dragon skeleton (Tar:7)
  An elephant (shapeshifter) (Vaults:5)
  30 moths of wrath
  5 rust devils
  A goliath frog skeleton (Crypt:1)
  A salamander (shapeshifter) (Elf:1)
  6 elephants
  A dire elephant zombie (Hell)
  3 centaur zombies
  19 vault sentinels
  Joseph (Lair:1)
  132 smoke demons
  2 water nymphs (Depths:2)
  6 titan simulacra
  43 black mambas
  An apocalypse crab (Abyss:4)
  7 guardian serpents
  2 gargoyles (D:14)
  26 naga magi
  2 molten gargoyles (Volcano)
  An emperor scorpion simulacrum (Coc:1)
  6 eyes of devastation
  2 dire elephant skeletons
  2 centaur skeletons (Pan)
  44 hellions
  An alligator snapping turtle zombie (Crypt:3)
  15 cane toads
  A red draconian zombie (Crypt:3)
  A rime drake (shapeshifter) (Vaults:5)
  44 demonic crawlers
  An elf skeleton (Vaults:2)
  An alligator snapping turtle skeleton (Crypt:3)
  32 yaktaurs
  12 freezing wraiths
  8 efreet
  5 anaconda simulacra
  38 orange demons
  3 rime drakes
  12 komodo dragons
  10 unseen horrors
  A sea snake zombie (Crypt:3)
  17 starcursed masses
  9 red devils (Pan)
  2 golden dragon simulacra (Zot:4)
  40 hellwings (Pan)
  2 iron giant simulacra
  6 spectral harpies
  A bunyip simulacrum (Coc:2)
  64 tormentors
  5 ancient zymes
  8 tengu conjurers
  5 meliai (Abyss:4)
  A spectral moth of wrath (Zot:4)
  9 ice devils
  2 burning bushes (Lair:2)
  6 trolls
  4 harpy zombies
  3 silent spectres
  18 hornets
  A polar bear (Lair:6)
  A bloated husk (Swamp:3)
  A polar bear (shapeshifter) (Depths:2)
  22 guardian mummies
  A queen bee (Abyss:4)
  2 trolls (shapeshifter)
  2 harpy skeletons
  A purple draconian skeleton (Crypt:1)
  2 wind drakes (Lair:6)
  A wind drake (shapeshifter) (Vaults:5)
  A hydra zombie (Crypt:3)
  97 slime creatures
  47 saltlings (Desolation)
  8 tyrant leeches
  A tengu simulacrum (Coc:1)
  A hydra skeleton (Crypt:1)
  9 raiju (Abyss:4)
  A hornet (shapeshifter) (Abyss:4)
  4 iron dragon simulacra
  11 dream sheep
  2 alligator zombies
  2 stone giant simulacra
  A frost giant simulacrum (Vaults:4)
  A snapping turtle (Lair:6)
  3 shadows
  A centaur simulacrum (Abyss:3)
  39 flying skulls
  66 ynoxinuls
  48 yaks
  A culicivora (shapeshifter) (Elf:1)
  10 ushabtiu
  An air elemental (Elf:1)
  5 hogs
  2 jumping spiders
  8 wraiths
  5 dire elephant simulacra
  7 water elementals
  Eustachio (D:5)
  4 humans
  An alligator snapping turtle simulacrum (Coc:1)
  3 basilisks
  3 fire elementals
  10 golden eyes
  7 wyverns
  7 fire bats
  2 black mamba skeletons (Pan)
  A redback (Vaults:4)
  78 chaos spawn
  48 neqoxecs
  Grum (Bailey)
  27 vampire mosquitoes
  2 redbacks (shapeshifter) (Vaults:5)
  4 steam dragons
  5 wargs
  58 nagas
  A yellow draconian simulacrum (Zot:4)
  Edmund (D:6)
  13 harpy simulacra
  8 spriggan simulacra
  A merfolk zombie (Crypt:2)
  15 swamp worms
  15 water moccasins
  An acid dragon (D:11)
  4 spatial vortices (Abyss:4)
  111 large abominations
  6 hydra simulacra
  7 floating eyes
  3 moth of wrath simulacra (Zot:4)
  7 hell hounds
  6 swamp drakes
  36 orc warriors
  2 ice beasts (Coc:5)
  A naga skeleton (Crypt:3)
  A sky beast (shapeshifter) (Vaults:5)
  3 sky beasts
  3 black bears
  5 ettin simulacra
  2 ice dragon simulacra
  A merfolk simulacrum (Coc:2)
  A black mamba simulacrum (Coc:1)
  3 necrophages
  3 boggarts (Vaults:2)
  A dream sheep zombie (Crypt:2)
  A swamp dragon skeleton (Pan)
  2 human skeletons
  2 ogres
  12 wolves
  A dream sheep skeleton (Crypt:1)
  17 centaurs
  2 phantoms
  A human zombie (Vaults:4)
  A komodo dragon zombie (Crypt:2)
  12 bullfrogs
  Blork the orc (D:6)
  A kobold brigand (D:9)
  A bullfrog (shapeshifter) (Elf:1)
  3 earth elementals
  6 gnoll sergeants (Bailey)
  15 small abominations
  A salamander skeleton (Crypt:3)
  4 naga simulacra
  A palentonga skeleton (Crypt:1)
  2 scorpions
  A water moccasin skeleton (D:6)
  12 killer bees
  8 howler monkeys
  17 wights
  An electric eel (Lair:1)
  5 lava snakes (Volcano)
  5 crimson imps (Pan)
  17 jellies
  A quasit (Abyss:4)
  5 gnoll shamans (Bailey)
  4 hounds
  33 orc priests
  2 bullfrog skeletons
  An iron imp (Pan)
  Jessica (D:3)
  A black bear skeleton (Crypt:3)
  4 iguanas
  29 orc wizards
  7 hell rats
  A killer bee zombie (D:8)
  A deep dwarf zombie (Crypt:1)
  A hound zombie (Crypt:1)
  2 dwarf skeletons
  15 mummies
  2 howler monkey zombies
  2 howler monkey skeletons (D:7)
  14 gnolls (Bailey)
  A steam dragon zombie (Crypt:1)
  8 adders
  2 river rats (Sewer)
  A shadow imp (Abyss:4)
  2 white imps
  2 ufetubi
  2 adder skeletons
  A worm (D:3)
  3 dart slugs
  129 orcs
  4 endoplasms
  8 giant cockroaches
  4 goblins
  10 hobgoblins
  2 jackals (D:1)
  7 kobolds
  6 quokkas
  6 ball pythons
  A ball python zombie (Crypt:3)
  8 bats
  10 frilled lizards
  A giant cockroach zombie (Crypt:3)
  A gnoll zombie (Crypt:2)
  An orc zombie (Crypt:2)
  A quokka skeleton (Crypt:1)
  16 rats
  A briar patch (Swamp:2)
  6 creeping infernos
  31 fire vortices
  7 pillars of salt
  2 starspawn tentacles
  4 tentacles (Abyss:3)
4979 creatures vanquished.

Vanquished Creatures (collateral kills)
  Gloorx Vloq (Pan)
  Ereshkigal (Tar:7)
  6 bone dragons (Tar:7)
  3 Tzitzimimeh (Tar:7)
  A doom hound (Tar:7)
  2 acid blobs (Slime:5)
  An azure jelly (Slime:5)
  4 balrugs (Pan)
  A reaper (Tar:7)
  2 putrid mouths (Tar:7)
  3 eidola (Tar:7)
  A sun demon (Pan)
  3 shadow wraiths (Tar:7)
  A large abomination (Pan)
  A smoke demon (Pan)
  An orange demon (Pan)
  A harpy skeleton (Pan)
33 creatures vanquished.

Vanquished Creatures (others)
  Mnoleg (Pan)
  A pandemonium lord (Pan)
  A fire giant (Depths:1)
  A deep elf sorcerer (Elf:3)
  A frost giant (Crypt:2)
  3 shard shrike simulacra (Coc:7)
  A stone giant (Crypt:2)
  A lorocyproca (Pan)
  A caustic shrike simulacrum (Coc:7)
  A deep elf knight (Elf:1)
  A sixfirhy (Pan)
  A deep elf archer (Elf:1)
  A spriggan simulacrum (Coc:4)
  A wizard (Pan)
  A necromancer (Hell)
  2 smoke demons (Pan)
  A naga mage (Snake:1)
  A tormentor (Pan)
  A ynoxinul (Pan)
  An air elemental (Elf:1)
  A fire bat (Pan)
  2 harpy simulacra (Coc:7)
  A water moccasin (shapeshifter) (Vaults:5)
  An ice dragon simulacrum (Hell)
  A swamp drake (Swamp:2)
  An ettin simulacrum (Hell)
  A quasit (Abyss:3)
  An orc wizard (Orc:2)
  A white imp (Pan)
  3 orcs
  4 ball lightnings (Pan)
  A block of ice (Pan)
  A briar patch (Swamp:2)
  2 creeping infernos (Hell)
  A fire vortex (Hell)
  5 foxfires
  18 fungi
  35 pillars of salt
  162 plants
  8 starspawn tentacles
  7 tentacles (Abyss:3)
280 creatures vanquished.

Grand Total: 5292 creatures vanquished

Notes
Turn   | Place    | Note
-------+----------+-------------------------------------------
     0 | D:1      | Godmorgon the Minotaur Fighter began the quest for the Orb.
     0 | D:1      | Reached XP level 1. HP: 19/19 MP: 0/0
   177 | D:1      | Reached XP level 2. HP: 21/27 MP: 1/1
   259 | D:1      | Found a faded altar of an unknown god.
   797 | D:1      | Reached XP level 3. HP: 33/33 MP: 2/2
  1377 | D:2      | Reached skill level 1 in Throwing
  1596 | D:3      | Reached XP level 4. HP: 41/41 MP: 3/3
  1596 | D:3      | Noticed Jessica
  1603 | D:3      | Killed Jessica
  1962 | D:3      | Found a glowing drain.
  1966 | Sewer    | Entered a sewer
  2044 | Sewer    | Reached XP level 5. HP: 38/47 MP: 4/4
  2152 | Sewer    | Reached skill level 5 in Maces & Flails
  2532 | D:3      | Noticed a sky beast
  2571 | D:3      | Killed a sky beast
  2572 | D:3      | Reached skill level 5 in Fighting
  2572 | D:3      | Reached XP level 6. HP: 12/56 MP: 5/5
  2975 | D:4      | Found an ancient bone altar of Kikubaaqudgha.
  3242 | D:4      | Reached XP level 7. HP: 61/61 MP: 6/6
  3271 | D:4      | Found a hide-covered altar of Uskayaw.
  3286 | D:4      | Found a snail-covered altar of Cheibriados.
  3664 | D:5      | Entered Level 5 of the Dungeon
  3664 | D:5      | Noticed Eustachio
  3745 | D:5      | Found a white marble altar of Elyvilon.
  3883 | D:5      | Killed Eustachio
  3884 | D:5      | Reached skill level 5 in Throwing
  4019 | D:5      | Found a shadowy altar of Dithmenos.
  4059 | D:5      | Reached XP level 8. HP: 70/70 MP: 7/7
  4087 | D:5      | Found a radiant altar of Vehumet.
  4161 | D:5      | Found a stormy altar of Qazlal.
  4161 | D:5      | Found a glowing golden altar of the Shining One.
  4908 | D:6      | Noticed Blork the orc
  4922 | D:6      | Killed Blork the orc
  5047 | D:6      | Found a staircase to the Ecumenical Temple.
  5057 | Temple   | Entered the Ecumenical Temple
  5189 | D:6      | Found Kyadin's Armour Boutique.
  5201 | D:6      | Bought a +1 hat for 143 gold pieces
  5297 | D:6      | Noticed Edmund
  5310 | D:6      | Killed Edmund
  5858 | Temple   | Became a worshipper of Warmaster Okawaru
  5906 | D:5      | Found a shadowy altar of Dithmenos.
  6025 | D:5      | Found a stormy altar of Qazlal.
  6025 | D:5      | Found a glowing golden altar of the Shining One.
  6033 | D:5      | Reached skill level 10 in Maces & Flails
  6102 | D:5      | Found a white marble altar of Elyvilon.
  6236 | D:7      | Reached XP level 9. HP: 81/81 MP: 8/8
  6519 | D:7      | Reached skill level 1 in Invocations
  6613 | D:7      | Found an ornate altar of the Wu Jian Council.
  6711 | D:7      | Reached skill level 1 in Dodging
  6714 | D:7      | Reached * piety under Okawaru
  7291 | D:8      | Found Qovoxeqi's Magic Scroll Shop.
  7294 | D:8      | Bought a scroll of blinking for 112 gold pieces
  7294 | D:8      | Bought a scroll of identify for 30 gold pieces
  7294 | D:8      | Bought a scroll of identify for 30 gold pieces
  7294 | D:8      | Bought a scroll of identify for 30 gold pieces
  7294 | D:8      | Bought a scroll of identify for 30 gold pieces
  7375 | D:8      | Found a flagged portal.
  7434 | Bailey   | Entered a bailey
  8182 | Bailey   | Reached ** piety under Okawaru
  8217 | Bailey   | Noticed Grum
  8362 | Bailey   | Killed Grum
  8363 | Bailey   | Reached XP level 10. HP: 76/90 MP: 7/11
  8765 | D:8      | Reached skill level 5 in Shields
  8845 | D:8      | Reached skill level 5 in Armour
  9075 | D:8      | Found Acih's Assorted Antiques.
  9083 | D:8      | Bought a shiny chain mail for 247 gold pieces
  9108 | D:8      | Found Wozan's Serpentskin Sales.
  9147 | D:8      | Noticed a two-headed ogre
  9204 | D:8      | Killed a two-headed ogre
  9289 | D:8      | Found Sojael's Assorted Antiques.
  9297 | D:8      | Bought a pair of bloodstained boots for 247 gold pieces
  9297 | D:8      | Identified the +1 pair of boots of the Blizzard {Str+3
                  | Dex+2 Slay+2} (You bought it in a shop on level 8 of the
                  | Dungeon)
  9416 | D:8      | Reached *** piety under Okawaru
  9525 | D:8      | Found a staircase to the Lair.
  9579 | D:8      | Found a bloodstained altar of Trog.
  9825 | D:9      | Found Afruogun's Elemental Accessories.
  9912 | D:9      | Identified the +8 flail of Uncomfortable Rashes {protect,
                  | rF+ rN+ Str+4 Stlth+}
  9912 | D:9      | Noticed Harold
 10290 | D:8      | Received a gift from Okawaru
 10422 | D:9      | Found a sparkling altar of Nemelex Xobeh.
 10454 | D:9      | Found a runed translucent gate.
 10454 | D:9      | Found a runed translucent gate.
 10454 | D:9      | Found a runed translucent gate.
 10455 | D:9      | Noticed jjjjhere's ghost (novice SpAM)
 10550 | D:9      | Killed Harold
 10550 | D:9      | Reached **** piety under Okawaru
 10551 | D:9      | Reached XP level 11. HP: 68/97 MP: 6/13
 10823 | D:9      | Found a hazy altar of Hepliaklqana.
 11209 | Lair:1   | Entered Level 1 of the Lair of Beasts
 11264 | Lair:1   | Noticed Joseph
 11271 | Lair:1   | Killed Joseph
 11278 | Lair:1   | Reached skill level 5 in Invocations
 11281 | Lair:1   | Reached skill level 5 in Dodging
 11286 | Lair:1   | Found a dark tunnel.
 11300 | Volcano  | Entered a volcano
 11430 | Volcano  | Received a gift from Okawaru
 11569 | Volcano  | Found a bloodstained altar of Trog.
 11569 | Volcano  | Noticed a centaur warrior
 11577 | Volcano  | Killed a centaur warrior
 11581 | Volcano  | Reached skill level 10 in Fighting
 11587 | Volcano  | Noticed a hell knight
 11598 | Volcano  | Killed a hell knight
 11924 | Lair:1   | Reached ***** piety under Okawaru
 12003 | Lair:1   | Received a gift from Okawaru
 12847 | Lair:2   | Reached XP level 12. HP: 97/108 MP: 15/15
 13166 | Lair:2   | Identified the +1 leather armour of Valour {rF+}
 13171 | Lair:2   | Received a gift from Okawaru
 13490 | Lair:2   | Found a runed translucent door.
 13491 | Lair:2   | Noticed macfelon's ghost (journeyman HuCj)
 13513 | Lair:2   | Killed macfelon's ghost
 13708 | Lair:3   | Found a staircase to the Snake Pit.
 13886 | Lair:3   | Received a gift from Okawaru
 14093 | Lair:3   | Found a staircase to the Swamp.
 14174 | Lair:3   | Identified the +2 buckler of Tomorrow {Regen+ Str-5 Dex+9}
                  | (Okawaru gifted it to you on level 3 of the Lair of Beasts)
 14174 | Lair:3   | Received a gift from Okawaru
 14498 | Lair:3   | Noticed a five-headed hydra
 14504 | Lair:3   | Killed a five-headed hydra
 14635 | Lair:3   | Noticed a five-headed hydra
 14641 | Lair:3   | Killed a five-headed hydra
 14825 | Lair:4   | Noticed a four-headed hydra
 15008 | Lair:4   | Killed a four-headed hydra
 15404 | Lair:4   | Reached XP level 13. HP: 118/118 MP: 18/18
 15849 | Lair:5   | Reached skill level 10 in Armour
 16439 | Lair:6   | Entered Level 6 of the Lair of Beasts
 16451 | Lair:5   | Reached skill level 10 in Throwing
 16517 | Lair:6   | Reached ****** piety under Okawaru
 16517 | Lair:6   | Received a gift from Okawaru
 16567 | Lair:6   | Found a staircase to the Slime Pits.
 16723 | Lair:6   | Reached skill level 10 in Invocations
 16931 | Lair:6   | Received a gift from Okawaru
 16931 | Lair:6   | Found the +2 hat of the Bear Spirit {Spirit, *Rage Will++}
 17418 | Lair:6   | Identified the +5 ring mail of Evolution {rN++ Slay-6}
 17974 | D:9      | Killed jjjjhere's ghost
 17975 | D:9      | Reached XP level 14. HP: 129/129 MP: 13/20
 18031 | D:10     | Entered Level 10 of the Dungeon
 18050 | D:10     | Found a runed translucent door.
 18050 | D:10     | Noticed Starlo's ghost (journeyman MiFi)
 18082 | D:10     | Killed Starlo's ghost
 18155 | D:10     | Reached skill level 15 in Maces & Flails
 18256 | D:10     | Found Quuc's Antique Weapon Shop.
 18445 | D:10     | Found Atwitoh's General Store.
 18450 | D:10     | Bought a scroll of blinking for 105 gold pieces
 18470 | D:10     | Found Jishryhu's Antique Weapon Emporium.
 19031 | D:11     | Received a gift from Okawaru
 19094 | D:11     | Found a staircase to the Orcish Mines.
 19221 | D:11     | You fall into a shaft and drop 1 floor!
 20678 | D:13     | Noticed Jorgrun
 20715 | D:13     | Killed Jorgrun
 20936 | D:14     | Noticed Agnes
 20956 | D:14     | Killed Agnes
 20956 | D:14     | Received a gift from Okawaru
 21144 | D:14     | Received a gift from Okawaru
 21170 | D:14     | Found Uroerghogg's Book Emporium.
 21672 | D:14     | Paralysed by an orc sorcerer for 6 turns
 21695 | D:14     | Found a gate to the Vaults.
 21873 | D:14     | Reached XP level 15. HP: 138/138 MP: 22/22
 21924 | D:15     | Entered Level 15 of the Dungeon
 22108 | D:15     | Received a gift from Okawaru
 22138 | D:15     | Found Iriuwk's Assorted Antiques.
 22428 | D:15     | Received a gift from Okawaru
 22432 | D:15     | Found a staircase to the Depths.
 22511 | D:15     | Found a white marble altar of Elyvilon.
 22672 | D:15     | Reached skill level 15 in Armour
 23136 | Orc:1    | Entered Level 1 of the Orcish Mines
 23186 | Orc:1    | Found Cehad's Antique Armour Shoppe.
 23257 | Orc:1    | Found Utsez's Assorted Antiques.
 23260 | Orc:1    | Found Nohuczell's Assorted Antiques.
 23267 | Orc:1    | Bought a scroll of enchant weapon for 142 gold pieces
 23626 | Orc:2    | Entered Level 2 of the Orcish Mines
 23644 | Orc:2    | Noticed an orc warlord
 23667 | Orc:2    | Killed an orc warlord
 23730 | Orc:2    | Reached skill level 15 in Fighting
 23757 | Orc:2    | Found Mamnu's Book Boutique.
 23902 | Orc:2    | Found Asu Tiot's Antique Weapon Boutique.
 24025 | Orc:2    | Found a staircase to the Elven Halls.
 24068 | Orc:2    | Identified the +3 great mace of Truncation {vorpal, Dex+2}
 24068 | Orc:2    | Noticed DemonSlayer's ghost (journeyman DsFE)
 24076 | Orc:2    | Found a transporter.
 24132 | Orc:2    | Found a transporter.
 24217 | Orc:2    | Found Loni's Luxury Loot.
 24240 | Orc:2    | Found Akicwuth's Antique Armour Boutique.
 24246 | Orc:2    | Bought a pair of embroidered gloves for 187 gold pieces
 24333 | Orc:2    | Found Qige Poe's General Store.
 24339 | Orc:2    | Bought a potion of flight for 30 gold pieces
 24339 | Orc:2    | Bought a scroll of enchant armour for 75 gold pieces
 24499 | Orc:1    | Found Kaiwisod's Antique Weapon Emporium.
 24630 | Orc:2    | Identified the +2 short sword of Ikhlaysh {antimagic,
                  | Str+4} (Okawaru gifted it to you on level 2 of the Orcish
                  | Mines)
 24630 | Orc:2    | Received a gift from Okawaru
 24651 | Orc:2    | Killed DemonSlayer's ghost
 24708 | Orc:1    | Bought a runed hat for 266 gold pieces
 24738 | Orc:1    | Bought a glowing cloak for 285 gold pieces
 24927 | Swamp:1  | Entered Level 1 of the Swamp
 24980 | Swamp:1  | Found a sparkling altar of Nemelex Xobeh.
 25127 | Swamp:1  | Found a transporter.
 25178 | Swamp:1  | Received a gift from Okawaru
 25206 | Swamp:1  | Found a transporter.
 25208 | Swamp:1  | Noticed Valamore's ghost (journeyman MiGl)
 25232 | Swamp:1  | Received a gift from Okawaru
 25530 | Swamp:1  | Killed Valamore's ghost
 25530 | Swamp:1  | Received a gift from Okawaru
 25536 | Swamp:1  | Reached XP level 16. HP: 146/151 MP: 20/25
 25666 | Swamp:2  | Noticed a thorn hunter
 25732 | Swamp:2  | Killed a thorn hunter
 25771 | Swamp:2  | Received a gift from Okawaru
 25825 | Swamp:2  | Received a gift from Okawaru
 25885 | Swamp:2  | Identified the +3 cloak of Foacibbu {*Corrode rF- Regen+
                  | Dex+7} (Okawaru gifted it to you on level 2 of the Swamp)
 25885 | Swamp:2  | Received a gift from Okawaru
 26539 | Swamp:3  | Noticed Kirke
 26545 | Swamp:3  | Killed Kirke
 26954 | Swamp:4  | Entered Level 4 of the Swamp
 27988 | Swamp:4  | Received a gift from Okawaru
 28034 | Swamp:4  | Noticed the 27-headed Lernaean hydra
 28123 | Swamp:4  | Killed the 27-headed Lernaean hydra
 28725 | Snake:1  | Entered Level 1 of the Snake Pit
 28797 | Snake:1  | Received a gift from Okawaru
 28848 | Snake:1  | Received a gift from Okawaru
 28949 | Snake:1  | Reached XP level 17. HP: 162/162 MP: 26/26
 29540 | Snake:1  | Noticed Aizul
 29564 | Snake:1  | Killed Aizul
 30207 | Snake:2  | Received a gift from Okawaru
 30286 | Snake:2  | Received a gift from Okawaru
 30461 | Snake:2  | Received a gift from Okawaru
 30761 | Snake:2  | Reached skill level 15 in Invocations
 31039 | Snake:2  | Reached skill level 10 in Dodging
 31751 | Snake:3  | Identified the +5 scale mail of Ramy {Harm Rampage rN+}
 32062 | Snake:3  | Identified the -5 pair of boots of the Pleiades {rC- rN+
                  | Int+2 Slay+3} (Okawaru gifted it to you on level 3 of the
                  | Snake Pit)
 32062 | Snake:3  | Received a gift from Okawaru
 32234 | Snake:4  | Entered Level 4 of the Snake Pit
 32311 | Snake:3  | Reached XP level 18. HP: 173/173 MP: 26/28
 32531 | Snake:4  | Noticed Roxanne
 33163 | Snake:4  | Found Ziehum's Book Emporium.
 33198 | Snake:4  | Noticed Vashnia
 33216 | Snake:4  | Killed Vashnia
 33573 | Snake:4  | Found Neuta's Assorted Antiques.
 33575 | Snake:4  | Found Vyom's Antique Armour Boutique.
 33577 | Snake:4  | Found Wemy's Book Shop.
 33848 | Snake:4  | Bought a pair of embroidered gloves for 345 gold pieces
 33864 | Snake:4  | Bought a potion of haste for 270 gold pieces
 33864 | Snake:4  | Bought a potion of haste for 270 gold pieces
 33864 | Snake:4  | Bought a scroll of teleportation for 81 gold pieces
 34073 | Snake:4  | Killed Roxanne
 34467 | Snake:4  | Got a serpentine rune of Zot
 34628 | Snake:4  | Received a gift from Okawaru
 34969 | Vaults:1 | Entered Level 1 of the Vaults
 35077 | Vaults:1 | Received a gift from Okawaru
 35842 | Vaults:1 | Received a gift from Okawaru
 36716 | Vaults:1 | Reached XP level 19. HP: 139/183 MP: 26/29
 36860 | Vaults:1 | Identified the +2 scale mail of the Onion {Harm *Corrode
                  | rC+ SInv} (Okawaru gifted it to you on level 1 of the
                  | Vaults)
 36860 | Vaults:1 | Received a gift from Okawaru
 37038 | Vaults:1 | Reached skill level 10 in Shields
 37381 | Vaults:1 | Reached skill level 15 in Throwing
 38549 | Vaults:2 | Found a crumbling gateway.
 38590 | Desolati | Entered the Desolation of Salt
 38964 | Desolati | Identified the +5 long sword of Zoetiel {spect, Dex+4}
                  | (Okawaru gifted it to you in the Desolation of Salt)
 38964 | Desolati | Received a gift from Okawaru
 39089 | Desolati | Found the +3 Mad Mage's Maulers {Infuse+∞ RegenMP Int-3}
 39380 | Desolati | Identified the +4 scythe of Itzerhi {vamp, rN++}
 39387 | Desolati | Identified the ring of the Frog {Fire Drain rElec Will+
                  | Int+4}
 39523 | Desolati | Identified the amulet "Awoqaacs" {Reflect rC- Str+4 Dex+2
                  | SH+5 Stlth+}
 40324 | Desolati | Identified the +2 pair of boots of the Stonemason {Drain
                  | rN+ Int+2}
 41015 | Vaults:2 | Received a gift from Okawaru
 41438 | Vaults:2 | Identified the +1 broad axe "Stringbean" {protect, rF+
                  | rCorr}
 41460 | Vaults:2 | Reached XP level 20. HP: 193/193 MP: 30/30
 41461 | Vaults:2 | Received a gift from Okawaru
 41837 | Vaults:2 | Received a gift from Okawaru
 41906 | Vaults:2 | Received a gift from Okawaru
 41993 | Vaults:2 | You fall into a shaft and drop 1 floor!
 42127 | Vaults:2 | Found a staircase to the Crypt.
 42127 | Vaults:2 | Found a basalt altar of Yredelemnul.
 42148 | Vaults:2 | Found an ancient bone altar of Kikubaaqudgha.
 42903 | Vaults:3 | Found Paryzit's Book Shop.
 43030 | Vaults:3 | Received a gift from Okawaru
 43415 | Vaults:3 | Received a gift from Okawaru
 43680 | Vaults:3 | Found Acienapp's Distillery.
 43688 | Vaults:3 | Bought 2 potions of heal wounds for 160 gold pieces
 43688 | Vaults:3 | Bought a potion of heal wounds for 80 gold pieces
 43688 | Vaults:3 | Bought a potion of cancellation for 128 gold pieces
 43688 | Vaults:3 | Bought a potion of cancellation for 128 gold pieces
 43688 | Vaults:3 | Bought a potion of resistance for 160 gold pieces
 43688 | Vaults:3 | Bought 2 potions of might for 128 gold pieces
 43716 | Vaults:3 | Identified the +6 scale mail "Muvoehod" {Dex+9}
 44052 | Vaults:3 | Noticed Mara
 44054 | Vaults:3 | Noticed Godmorgon's illusion
 44071 | Vaults:3 | Killed Mara
 44887 | Vaults:4 | Found Giuseg's Antique Armour Shop.
 45156 | Vaults:4 | Received a gift from Okawaru
 45635 | Vaults:4 | Reached skill level 15 in Shields
 45857 | Vaults:4 | Identified the +0 robe of Fiusi {Dex+6}
 46087 | Vaults:4 | Identified the +0 hat of Mumblety Peg {rElec Dex+4 Stlth+}
 46114 | Vaults:4 | Identified the +1 robe "Woxetiok" {Str+2}
 46115 | Vaults:4 | Identified the +3 hat of the Pit {Will+ rCorr Int-3 Slay+6}
 46123 | Vaults:4 | Found a radiant altar of Vehumet.
 46132 | Vaults:4 | Identified the +2 hat of Boly {Int+3}
 46213 | Vaults:4 | Identified the +5 flail of Gehenna {spect, rElec rC+ Str-3
                  | Dex+3} (Okawaru gifted it to you on level 4 of the Vaults)
 46213 | Vaults:4 | Received a gift from Okawaru
 46595 | Vaults:5 | Entered Level 5 of the Vaults
 46595 | Vaults:5 | Noticed a golden dragon
 46677 | Vaults:4 | Reached XP level 21. HP: 176/205 MP: 32/32
 46760 | Vaults:4 | Received a gift from Okawaru
 46781 | Vaults:4 | Killed a golden dragon
 46905 | Vaults:4 | Received a gift from Okawaru
 47775 | Vaults:5 | Noticed a dread lich
 47777 | Vaults:5 | Identified the +7 longbow of Burnt Defiance {vorpal, rC+
                  | Will- Int+10} (Okawaru gifted it to you on level 5 of the
                  | Vaults)
 47777 | Vaults:5 | Received a gift from Okawaru
 47889 | Vaults:5 | Identified the +3 war axe of Yrra {pain, *Rage rF+++ Will-
                  | Int+10}
 47889 | Vaults:5 | Identified the ring "Kifax" {*Corrode Will+ MP+9 Dex+2}
 47901 | Vaults:4 | Killed a dread lich
 48006 | Vaults:5 | Noticed a golden dragon
 48017 | Vaults:5 | Killed a golden dragon
 48147 | Vaults:5 | Noticed a dread lich
 48162 | Vaults:5 | Killed a dread lich
 48293 | Vaults:4 | Identified the +1 robe of Evolution {Will+} (Okawaru gifted
                  | it to you on level 4 of the Vaults)
 48293 | Vaults:4 | Received a gift from Okawaru
 48880 | Vaults:5 | Got a silver rune of Zot
 48999 | Vaults:5 | Identified the +6 rapier of Geejaxok {freeze, Int+6}
 49071 | Vaults:5 | Noticed an ancient lich
 49289 | Vaults:5 | Identified the +3 leather armour of the Solstice {rPois rN+
                  | Str-3 Dex+7}
 49964 | Vaults:5 | Killed an ancient lich
 51168 | Depths:1 | Entered Level 1 of the Depths
 51432 | Depths:1 | Found Tytroar's Assorted Antiques.
 51481 | Depths:1 | Bought a wand of digging (5) for 264 gold pieces
 51484 | Depths:1 | Found a one-way gate to the infinite horrors of the Abyss.
 51690 | Depths:1 | Reached XP level 22. HP: 217/217 MP: 34/34
 51695 | Depths:1 | Found a one-way gateway to a ziggurat.
 51786 | Depths:1 | Found a gateway to Hell.
 51886 | Depths:1 | Found Xahauden's Jewellery Shop.
 51887 | Depths:1 | Found Paantait's Book Emporium.
 51888 | Depths:1 | Found Bexemm's Jewellery Shop.
 52060 | Depths:1 | Identified the +8 triple crossbow of Yesterday {penet, Fly
                  | rElec}
 52296 | Depths:2 | Received a gift from Okawaru
 52726 | Depths:2 | Found a one-way gate leading to the halls of Pandemonium.
 52810 | Depths:2 | Received a gift from Okawaru
 52993 | Depths:2 | Identified the +5 ring mail "Uhipnag" {rElec Regen+}
 53722 | Depths:2 | Identified the +12 great sword "Beastbane" {speed, rN+++
                  | Int-2 Dex+5}
 53782 | Depths:2 | Noticed the Enchantress
 53801 | Depths:2 | Killed the Enchantress
 54063 | Depths:2 | Identified the +7 dagger of Neupyanu {flame, Fly Will+
                  | rCorr}
 54911 | Depths:3 | Found a sacrificial altar of Ru.
 55063 | Depths:3 | Noticed Boris
 55084 | Depths:3 | Killed Boris
 55191 | Depths:3 | Found Ubamah's Distillery.
 55191 | Depths:3 | Found Ler Oppo's Book Emporium.
 56093 | Depths:3 | Found a corrupted altar of Lugonu.
 56142 | Depths:3 | Bought a potion of resistance for 100 gold pieces
 56142 | Depths:3 | Bought a potion of heal wounds for 50 gold pieces
 56142 | Depths:3 | Bought a potion of heal wounds for 50 gold pieces
 56142 | Depths:3 | Bought a potion of might for 40 gold pieces
 56172 | Depths:4 | Entered Level 4 of the Depths
 56373 | Depths:4 | Received a gift from Okawaru
 56865 | Depths:4 | Found a gate to the Realm of Zot.
 56900 | Depths:4 | Received a gift from Okawaru
 57082 | Depths:4 | Received a gift from Okawaru
 57680 | Depths:1 | Voluntarily entered the Abyss.
 57758 | Abyss:3  | Found a corrupted altar of Lugonu.
 57892 | Abyss:3  | Gained mutation: Your spells are a little easier to cast,
                  | but a little less powerful. [a neqoxec]
 57916 | Abyss:4  | Found a corrupted altar of Lugonu.
 58048 | Abyss:4  | Paralysed by accursed screaming for 1 turns
 58169 | Depths:1 | Escaped the Abyss
 58625 | Elf:1    | Entered Level 1 of the Elven Halls
 58703 | Elf:1    | Received a gift from Okawaru
 59182 | Depths:1 | Voluntarily entered the Abyss.
 59187 | Abyss:2  | Found a corrupted altar of Lugonu.
 59239 | Abyss:2  | Noticed a dread lich
 59249 | Abyss:2  | Killed a dread lich
 59617 | Abyss:4  | HP: 9/222 [meliai/divine providence (10)]
 59678 | Abyss:4  | Reached XP level 23. HP: 112/229 MP: 35/35
 59678 | Abyss:4  | Reached XP level 24. HP: 116/238 MP: 35/35
 59678 | Abyss:4  | Got an abyssal rune of Zot
 59687 | Abyss:4  | Gained mutation: You are weak. (Str -2) [a neqoxec]
 59808 | Abyss:4  | Gained mutation: You do not regenerate when monsters are
                  | visible. [a neqoxec]
 59929 | Abyss:4  | Gained mutation: You occasionally shout uncontrollably at
                  | your foes. [a shining eye]
 59988 | Abyss:4  | Gained mutation: You are very weak. (Str -4) [a neqoxec]
 59992 | Depths:1 | Escaped the Abyss
 60528 | D:9      | Lost mutation: You do not regenerate when monsters are
                  | visible. [potion of mutation]
 60528 | D:9      | Lost mutation: You are very weak. (Str -4) [potion of
                  | mutation]
 60528 | D:9      | Lost mutation: You are weak. (Str -2) [potion of mutation]
 60529 | D:9      | Lost mutation: You occasionally shout uncontrollably at
                  | your foes. [potion of mutation]
 60529 | D:9      | Lost mutation: Your spells are a little easier to cast, but
                  | a little less powerful. [potion of mutation]
 60529 | D:9      | Gained mutation: You have large cloven feet. [potion of
                  | mutation]
 60529 | D:9      | Gained mutation: Your flesh is cold resistant. (rC+)
                  | [potion of mutation]
 60758 | Zot:1    | Entered Level 1 of the Realm of Zot
 61171 | Zot:1    | Reached XP level 25. HP: 246/246 MP: 35/35
 61527 | Zot:1    | Received a gift from Okawaru
 62900 | Zot:1    | Received a gift from Okawaru
 64051 | D:8      | Bought a scroll of blinking for 247 gold pieces
 64190 | D:5      | Fell from the grace of Okawaru
 64190 | D:5      | Became a worshipper of the Shining One
 64568 | Crypt:1  | Entered Level 1 of the Crypt
 64579 | Crypt:1  | Noticed Boris
 64587 | Crypt:1  | Killed Boris
 64634 | Crypt:1  | Reached * piety under the Shining One
 64673 | Crypt:1  | Noticed Khufu
 64683 | Crypt:1  | Noticed a royal mummy
 64686 | Crypt:1  | Killed Khufu
 64694 | Crypt:1  | Noticed Donald
 64699 | Crypt:1  | Reached ** piety under the Shining One
 65518 | Crypt:1  | Reached *** piety under the Shining One
 65634 | Crypt:1  | Identified the +5 falchion of Caawuona {venom, Str+4}
 65681 | Crypt:1  | Reached **** piety under the Shining One
 65707 | Crypt:1  | Killed Donald
 65831 | Crypt:1  | Killed a royal mummy
 66277 | Crypt:2  | Reached ***** piety under the Shining One
 66359 | Crypt:2  | Identified a scroll of acquirement
 66361 | Crypt:2  | Noticed Vuhu's ghost (veteran GrEE)
 66364 | Crypt:2  | Found a runed translucent door.
 66393 | Crypt:2  | Killed Vuhu's ghost
 66409 | Crypt:2  | Acquired 844 gold pieces
 66936 | Crypt:2  | Noticed Saint Roka
 66955 | Crypt:2  | Killed Saint Roka
 67026 | Crypt:2  | Identified the ring "Doisanah" {EV+4 Int+3 Stlth+}
 67255 | Crypt:3  | Entered Level 3 of the Crypt
 67359 | Crypt:3  | Noticed Boris
 67383 | Crypt:3  | Killed Boris
 67403 | Crypt:3  | Reached ****** piety under the Shining One
 67412 | Crypt:3  | Identified a +9 sacred scourge of holy wrath (a +7 demon
                  | whip of draining blessed by the Shining One)
 67412 | Crypt:3  | Received a gift from the Shining One
 68164 | Crypt:3  | Found a basalt altar of Yredelemnul.
 68168 | Crypt:3  | Identified the +2 trident of Ulah Lui {vorpal, Will+ Str+3
                  | Int+3}
 68170 | Crypt:3  | Found an ancient bone altar of Kikubaaqudgha.
 68242 | Crypt:3  | Found the +9 staff of Wucad Mu {*channel}
 68251 | Crypt:3  | Identified the amulet "Xemagofy" {Spirit -Tele rC+ Slay+3}
 68357 | Crypt:3  | Noticed Jory
 68366 | Crypt:3  | Killed Jory
 68443 | Crypt:3  | Reached XP level 26. HP: 259/259 MP: 36/36
 68732 | Crypt:3  | Found a staircase to the Tomb.
 69150 | Depths:3 | Bought a potion of haste for 100 gold pieces
 69325 | Depths:1 | Bought a runed hat for 231 gold pieces
 69557 | Vaults:4 | Bought a warped buckler for 256 gold pieces
 69557 | Vaults:4 | Identified the +2 buckler of the Bull {rC+ Dex+2} (You
                  | bought it in a shop on level 4 of the Vaults)
 69995 | Snake:4  | Bought a glowing scarf for 368 gold pieces
 70221 | D:8      | Bought 2 potions of ambrosia for 528 gold pieces
 70495 | Hell     | Entered the Vestibule of Hell
 70495 | Hell     | Noticed Geryon
 70636 | Depths:1 | Was forgiven by Okawaru
 70790 | Hell     | Killed Geryon
 70827 | Hell     | Found a gateway to the Iron City of Dis.
 71063 | Hell     | Found a gateway to the decaying netherworld of Tartarus.
 71122 | Hell     | Found a gateway to the freezing wastes of Cocytus.
 71216 | Hell     | Found a gateway to the ashen valley of Gehenna.
 71315 | Tar:1    | Entered Level 1 of Tartarus
 72283 | Tar:1    | Reached skill level 15 in Dodging
 74355 | Tar:7    | Entered Level 7 of Tartarus
 75062 | Elf:1    | Paralysed by an air elemental for 1 turns
 75110 | Elf:1    | Paralysed by an air elemental for 1 turns
 75583 | Tar:7    | Noticed an ancient lich
 75795 | Tar:7    | Killed an ancient lich
 75877 | Tar:7    | Reached XP level 27. HP: 225/267 MP: 29/37
 75885 | Tar:7    | Noticed a dread lich
 75896 | Tar:7    | HP: 9/271 [poison (dark miasma)]
 76364 | Hell     | Killed a dread lich
 76610 | Tar:7    | Noticed Ereshkigal
 77609 | Tar:7    | Killed Ereshkigal
 77638 | Tar:7    | Got a bone rune of Zot
 77765 | Tar:7    | Found the macabre finger necklace {rN+}
 78005 | Tar:7    | Identified the ring of the Gloaming {rN+ Will++ Int+6 Dex-2
                  | Stlth+}
 78010 | Tar:7    | Identified the +3 spear of the Gnat {antimagic, Fragile
                  | rElec Int-5 Dex+5}
 78048 | Tar:7    | Identified the +8 halberd of Wyrd {antimagic, rPois rN+
                  | Str+3 SInv}
 78051 | Tar:7    | Identified the +7 fustibalus "Zaurul" {venom, +Blink SInv}
 78084 | Tar:7    | Noticed a dread lich
 78094 | Tar:7    | Paralysed by a dread lich for 2 turns
 78098 | Tar:7    | Killed a dread lich
 78219 | Tar:7    | Identified the ring "Xaecot" {rCorr EV+4}
 78225 | Tar:7    | Identified the amulet "Vijukis" {Reflect rPois SH+5}
 79007 | Elf:1    | Found a runed translucent gate.
 79007 | Elf:1    | Found a runed translucent gate.
 79007 | Elf:1    | Found a runed translucent gate.
 79007 | Elf:1    | Found a runed translucent gate.
 79007 | Elf:1    | Found a runed translucent gate.
 79008 | Elf:1    | Found a runed translucent gate.
 79542 | Elf:2    | Found a runed translucent gate.
 79543 | Elf:2    | Found a runed translucent gate.
 79543 | Elf:2    | Found a runed translucent gate.
 79569 | Elf:2    | Found Eriuper's Book Shoppe.
 80991 | Pan      | Entered Pandemonium
 81076 | Pan      | Noticed Xengar the pandemonium lord
 81086 | Pan      | Killed Xengar the pandemonium lord
 81450 | Pan      | Found an exit through the horrors of the Abyss.
 81969 | Pan      | Noticed Parant the pandemonium lord
 81979 | Pan      | Killed Parant the pandemonium lord
 82482 | Pan      | Entered the realm of Mnoleg.
 82533 | Pan      | Gained mutation: Your magical capacity is low. (-10% MP) [a
                  | cacodemon]
 82638 | Pan      | Gained mutation: You are clumsy. (Dex -2) [a cacodemon]
 82663 | Pan      | Noticed Mnoleg
 82664 | Pan      | Identified the +0 tower shield of Narcissism {Harm Int-2
                  | Slay+2}
 82680 | Pan      | Killed Mnoleg
 82715 | Pan      | Gained mutation: You occasionally shout uncontrollably at
                  | your foes. [a neqoxec]
 82792 | Pan      | Got a glowing rune of Zot
 82856 | Pan      | Gained mutation: Potions are less effective at restoring
                  | your health. [a cacodemon]
 83083 | Pan      | Found a runed translucent door.
 83537 | Pan      | Found an exit through the horrors of the Abyss.
 84218 | Pan      | Noticed Pusherir the pandemonium lord
 84235 | Pan      | Killed Pusherir the pandemonium lord
 84263 | Depths:2 | Escaped Pandemonium
 84488 | D:9      | Lost mutation: You are clumsy. (Dex -2) [potion of
                  | mutation]
 84488 | D:9      | Lost mutation: Potions are less effective at restoring your
                  | health. [potion of mutation]
 84488 | D:9      | Gained mutation: Your magical capacity is very low. (-20%
                  | MP) [potion of mutation]
 84488 | D:9      | Lost mutation: Your magical capacity is very low. (-20% MP)
                  | [potion of mutation]
 84489 | D:9      | Lost mutation: You occasionally shout uncontrollably at
                  | your foes. [potion of mutation]
 84489 | D:9      | Lost mutation: You have large cloven feet. [potion of
                  | mutation]
 84489 | D:9      | Gained mutation: You are partially covered in iridescent
                  | scales. (AC +2) [potion of mutation]
 84678 | Pan      | Entered the realm of Lom Lobon.
 84678 | Pan      | Entered Pandemonium
 85001 | Pan      | Identified the +5 dagger "Baung" {drain, rN+ Will- rCorr
                  | SInv}
 85233 | Pan      | Noticed Lom Lobon
 85382 | Pan      | Killed Lom Lobon
 85385 | Pan      | Got a magical rune of Zot
 86412 | Pan      | Noticed Sefaoraj the pandemonium lord
 86426 | Pan      | Killed Sefaoraj the pandemonium lord
 86497 | Pan      | Found an exit through the horrors of the Abyss.
 87390 | Pan      | Found an exit through the horrors of the Abyss.
 87737 | Pan      | Noticed Guos the pandemonium lord
 87747 | Pan      | Killed Guos the pandemonium lord
 87753 | Pan      | Lost mutation: Your magical capacity is low. (-10% MP) [a
                  | cacodemon]
 87944 | Pan      | Noticed Buoffeoh the pandemonium lord
 87972 | Pan      | Killed Buoffeoh the pandemonium lord
 89436 | Pan      | Entered the realm of Cerebov.
 89639 | Pan      | Found the +6 sword of Cerebov {flame}
 89639 | Pan      | Noticed Cerebov
 89744 | Pan      | Killed Cerebov
 89815 | Pan      | Identified the +6 battleaxe of Jeli {vorpal, rPois Dex+3}
 89817 | Pan      | Identified the ring of the Turtle {Str+6 Dex+7 Slay-4}
 89838 | Pan      | Identified the +2 helmet of Tuiduex {SInv}
 89863 | Pan      | Got a fiery rune of Zot
 90238 | Pan      | Found an exit through the horrors of the Abyss.
 91101 | Pan      | Noticed Xicicar the pandemonium lord
 91115 | Pan      | Killed Xicicar the pandemonium lord
 91254 | Pan      | Got a demonic rune of Zot
 91809 | Depths:2 | Escaped Pandemonium
 92212 | Pan      | Entered the realm of Gloorx Vloq.
 92212 | Pan      | Entered Pandemonium
 92443 | Pan      | Reached skill level 27 in Invocations
 93045 | Pan      | Noticed Gloorx Vloq
 93060 | Pan      | Killed Gloorx Vloq
 93510 | Pan      | Got a dark rune of Zot
 93680 | Pan      | Noticed Pica the pandemonium lord
 93704 | Pan      | Killed Pica the pandemonium lord
 93747 | Pan      | Found an exit through the horrors of the Abyss.
 94051 | Pan      | Reached skill level 27 in Fighting
 94051 | Pan      | Reached skill level 27 in Armour
 94784 | Pan      | Reached skill level 1 in Stealth
 94867 | Pan      | Gained mutation: You are frail. (-10% HP) [a cacodemon]
 94884 | Pan      | Noticed Goreugh the pandemonium lord
 94891 | Pan      | Killed Goreugh the pandemonium lord
 95089 | Pan      | Found an exit through the horrors of the Abyss.
 95501 | Pan      | Found an exit through the horrors of the Abyss.
 95884 | Pan      | Noticed Fefas the pandemonium lord
 95896 | Pan      | Killed Fefas the pandemonium lord
 96433 | Pan      | Found an exit through the horrors of the Abyss.
 96520 | Pan      | Noticed Cilolo the pandemonium lord
 96524 | Pan      | Killed Cilolo the pandemonium lord
 97485 | Pan      | Noticed Piwihywk the pandemonium lord
 97489 | Pan      | Killed Piwihywk the pandemonium lord
 97500 | Pan      | Reached skill level 5 in Stealth
 98096 | Depths:2 | Escaped Pandemonium
 98450 | Elf:3    | Entered Level 3 of the Elven Halls
 98714 | Elf:3    | Identified the +3 rapier "Kefan" {freeze, rC- rN+ rCorr
                  | SInv}
 99583 | Elf:3    | Identified the +4 acid dragon scales of Insecurity {rF+
                  | rCorr Str+2}
 99662 | Elf:3    | Found the +3 pair of seven-league boots {Rampage+∞}
 99667 | Elf:3    | Identified the ring "Eheivew" {Fire Int+3}
 99680 | Elf:3    | Identified the ring of Uggutuj {rN++ rCorr AC+4 Slay-6 SInv
                  | Stlth+}
 99684 | Elf:3    | Identified the ring of Othomoni {rPois rF+ Dex+4}
100211 | D:9      | Acquired a +6 eveningstar of protection
100413 | Slime:1  | Entered Level 1 of the Pits of Slime
100491 | Slime:1  | Reached skill level 27 in Shields
100822 | Slime:5  | Entered Level 5 of the Pits of Slime
101062 | Slime:5  | Paralysed by a floating eye for 4 turns
101205 | Slime:5  | Noticed the Royal Jelly
101215 | Slime:5  | Killed the Royal Jelly
101411 | Slime:5  | Found the +8 storm bow {elec, penet}
101428 | Slime:5  | Identified the amulet "Icsium" {Spirit rElec rF- Str+4}
101472 | Slime:5  | Identified the +2 shortbow of Big Damage {freeze, rElec
                  | Will+ Dex+7 Stlth-}
101491 | Slime:5  | Identified the +10 war axe of the Saving Stork {protect,
                  | rN+ Dex-4 Stlth+}
101528 | Slime:5  | Identified the +6 shortbow "Hovasum" {vorpal, Str+3 Int+4}
101567 | Slime:5  | Got a slimy rune of Zot
101967 | Swamp:4  | Got a decaying rune of Zot
102193 | D:9      | Acquired 1007 gold pieces
102379 | Temple   | Fell from the grace of the Shining One
102379 | Temple   | Became a worshipper of Zin the Law-Giver
102379 | Temple   | Reached * piety under Zin
102379 | Temple   | Reached ** piety under Zin
102379 | Temple   | Reached *** piety under Zin
102379 | Temple   | Reached **** piety under Zin
102379 | Temple   | Reached ***** piety under Zin
102390 | Temple   | Donated 4179 gold pieces to Zin
102973 | Zot:2    | Reached ****** piety under Zin
102983 | Zot:2    | Lost mutation: You are frail. (-10% HP) [potion of
                  | mutation]
102983 | Zot:2    | Lost mutation: You are partially covered in iridescent
                  | scales. (AC +2) [potion of mutation]
103977 | Zot:3    | You fall into a shaft and drop 1 floor!
104125 | Zot:3    | Acquired the +7 tower shield of a volcano {Str+3}
104661 | Zot:4    | Found a runed translucent gate.
104661 | Zot:4    | Found a runed translucent gate.
104661 | Zot:4    | Found a runed translucent gate.
104662 | Zot:4    | Noticed a dread lich
104666 | Zot:4    | Noticed Jiorhin's ghost (legendary TrBe)
105741 | Zot:4    | Killed Jiorhin's ghost
105764 | Zot:4    | Killed a dread lich
105873 | Zot:5    | Entered Level 5 of the Realm of Zot
106516 | Zot:5    | Noticed an ancient lich
106544 | Zot:5    | Killed an ancient lich
106559 | Zot:5    | Noticed an ancient lich
106590 | Zot:5    | Noticed an orb of fire
106821 | Zot:5    | Killed an orb of fire
106827 | Zot:5    | Noticed an orb of fire
106832 | Zot:5    | Killed an ancient lich
106833 | Zot:5    | Noticed an orb of fire
106835 | Zot:5    | Noticed an orb of fire
106922 | Zot:5    | Killed an orb of fire
107004 | Zot:5    | Killed an orb of fire
107013 | Zot:5    | Noticed an ancient lich
107015 | Zot:5    | Noticed an ancient lich
107096 | Zot:5    | Killed an orb of fire
107292 | Zot:5    | Noticed a dread lich
107293 | Zot:5    | Noticed a dread lich
107299 | Zot:5    | Killed a dread lich
107300 | Zot:5    | Reached skill level 10 in Stealth
107304 | Zot:5    | Killed a dread lich
107331 | Zot:5    | Killed an ancient lich
107437 | Zot:5    | Killed an ancient lich
107669 | Zot:5    | Acquired the brooch of Shielding {Spirit SH+8}
107669 | Zot:5    | Found the brooch of Shielding {Spirit SH+8}
107761 | Zot:5    | Noticed an ancient lich
107773 | Zot:5    | Killed an ancient lich
109348 | Dis:1    | Entered Level 1 of the Iron City of Dis
109374 | Hell     | Reached skill level 1 in Evocations
109944 | Dis:2    | You fall into a shaft and drop 1 floor!
110301 | Hell     | Reached skill level 27 in Dodging
110305 | Hell     | Reached skill level 5 in Evocations
111697 | Dis:7    | Entered Level 7 of the Iron City of Dis
111720 | Dis:7    | Identified the +11 short sword of Insufficient Pleasure
                  | {chaos, *Slow rN+ Str+4}
111856 | Dis:7    | Noticed a juggernaut
111858 | Dis:7    | Reached skill level 10 in Evocations
112124 | Hell     | Killed a juggernaut
113169 | Pan      | Entered Pandemonium
113359 | Pan      | Noticed Purynul the pandemonium lord
113370 | Pan      | Killed Purynul the pandemonium lord
114903 | Pan      | Reached skill level 15 in Evocations
115585 | Pan      | Acquired 836 gold pieces
115587 | Pan      | Found an exit through the horrors of the Abyss.
115804 | Pan      | Noticed Piqexi the pandemonium lord
115843 | Pan      | Killed Piqexi the pandemonium lord
116361 | Pan      | Took an exit into the Abyss.
116361 | Abyss:1  | Escaped into the Abyss
116365 | Abyss:1  | Found a corrupted altar of Lugonu.
116413 | Depths:2 | Escaped the Abyss
117340 | Dis:7    | Noticed a juggernaut
117353 | Dis:7    | Killed a juggernaut
117427 | Dis:7    | Noticed the Serpent of Hell
117453 | Dis:7    | Killed the Serpent of Hell
117595 | Dis:7    | Noticed a juggernaut
117617 | Dis:7    | Killed a juggernaut
117650 | Dis:7    | Noticed an ancient lich
117671 | Dis:7    | Killed an ancient lich
117856 | Dis:7    | Found the +4 staff of Dispater
117856 | Dis:7    | Noticed Dispater
117896 | Dis:7    | Killed Dispater
117914 | Dis:7    | Found the +0 mask of the Dragon {Will+ Slay+3 SInv}
117922 | Dis:7    | Got an iron rune of Zot
118092 | Pan      | Entered Pandemonium
118092 | Pan      | Found a glowing silver altar of Zin.
118533 | Pan      | Identified the +0 buckler "Impyll" {rPois Slay+3}
119503 | Pan      | Noticed a seraph
119521 | Pan      | Killed a seraph
119678 | Pan      | Found a glowing golden altar of the Shining One.
119720 | Pan      | Identified the +7 spear of Plague {pain, Fly rPois rF++
                  | Int-2}
120249 | Depths:2 | Escaped Pandemonium
120336 | Geh:1    | Entered Level 1 of Gehenna
121663 | Geh:5    | Donated 3312 gold pieces to Zin
121762 | Geh:7    | Entered Level 7 of Gehenna
122927 | Geh:7    | Found the +18 shield of the Gong {rElec rN+ Will+ EV-5}
123147 | Geh:7    | Identified the +1 robe of Xemelea {rN+ MP-9 Str+4}
123537 | Geh:7    | Identified the +8 chain mail "Piujeb" {Rampage rElec}
124007 | Geh:7    | Found the +7 sceptre of Asmodeus
124007 | Geh:7    | Noticed Asmodeus
124053 | Geh:7    | Killed Asmodeus
124101 | Geh:7    | Found the ring of Shadows {Umbra +Inv Stlth+}
124114 | Geh:7    | Got an obsidian rune of Zot
124123 | Geh:7    | Identified the +9 quarterstaff of the Wizarding Oracle
                  | {freeze, rF+ rC+}
124131 | Geh:7    | Identified the +0 robe of Indemnity {Str+2 Dex+5 Stlth-}
124147 | Geh:7    | Identified the ring of Leaves {rC+ Str+6 Int-4 SInv}
124154 | Geh:7    | Identified the +5 ring mail "Hetzuas" {Contam rElec rCorr
                  | Int+3}
124162 | Geh:7    | Identified the +9 dagger "Ypnadd" {holy, Contam rPois
                  | Str+8}
124165 | Geh:7    | Identified the +3 shortbow of World Downfall {vorpal, rPois
                  | rC++}
124172 | Geh:7    | Identified the +8 trident of Reinforcement {speed, Fragile
                  | Dex+7 Stlth+}
124995 | Pan      | Entered Pandemonium
125301 | Pan      | Found an exit through the horrors of the Abyss.
125751 | Pan      | Noticed Gaxafaps the pandemonium lord
125764 | Pan      | Killed Gaxafaps the pandemonium lord
126916 | Depths:2 | Escaped Pandemonium
126992 | Coc:1    | Entered Level 1 of Cocytus
127010 | Coc:1    | You fall into a shaft and drop 1 floor!
127806 | Pan      | Entered Pandemonium
127855 | Pan      | Noticed Junkauma the pandemonium lord
127872 | Pan      | Killed Junkauma the pandemonium lord
128264 | Pan      | Found an exit through the horrors of the Abyss.
129372 | Pan      | Found an exit through the horrors of the Abyss.
129669 | Depths:2 | Escaped Pandemonium
131622 | Pan      | Entered Pandemonium
131799 | Pan      | Found a runed translucent door.
132240 | Pan      | Noticed Jek Lyw the pandemonium lord
132248 | Pan      | Killed Jek Lyw the pandemonium lord
132827 | Pan      | Found an exit through the horrors of the Abyss.
132981 | Pan      | Reached skill level 15 in Stealth
133970 | Pan      | Took an exit into the Abyss.
133970 | Abyss:1  | Escaped into the Abyss
133983 | Depths:2 | Escaped the Abyss
135121 | Coc:7    | Entered Level 7 of Cocytus
135247 | Pan      | Entered Pandemonium
135664 | Pan      | Noticed Cesmexko the pandemonium lord
135681 | Pan      | Killed Cesmexko the pandemonium lord
136426 | Depths:2 | Escaped Pandemonium
137505 | Pan      | Entered Pandemonium
137688 | Pan      | Noticed Myemang the pandemonium lord
137704 | Pan      | Killed Myemang the pandemonium lord
138828 | Pan      | Identified the +0 pair of gloves of Irphut {Will+}
139019 | Pan      | Found an exit through the horrors of the Abyss.
139275 | Depths:2 | Escaped Pandemonium
139456 | Coc:7    | Paralysed by a wendigo for 1 turns
140171 | Coc:7    | Paralysed by a wendigo for 1 turns
140202 | Coc:7    | Acquired a manual of Stealth
140276 | Coc:7    | Paralysed by a wendigo for 1 turns
140308 | Coc:7    | Identified the +0 chain mail of Death's Door {-Tele +Inv
                  | Will+ Stlth+}
140418 | Coc:7    | Noticed Antaeus
140426 | Coc:7    | Paralysed by a wendigo for 1 turns
140433 | Coc:7    | Donated 2319 gold pieces to Zin
140864 | Pan      | Entered Pandemonium
140941 | Pan      | Found an exit through the horrors of the Abyss.
140950 | Pan      | Took an exit into the Abyss.
140950 | Abyss:1  | Escaped into the Abyss
140953 | Depths:2 | Escaped the Abyss
140957 | Pan      | Entered Pandemonium
141171 | Pan      | Found a runed translucent door.
141191 | Pan      | Found an exit through the horrors of the Abyss.
141911 | Pan      | Noticed Joja the pandemonium lord
141919 | Pan      | Killed Joja the pandemonium lord
141986 | Pan      | Took an exit into the Abyss.
141986 | Abyss:1  | Escaped into the Abyss
142020 | Depths:2 | Escaped the Abyss
142208 | Coc:7    | Killed Antaeus
142350 | Coc:7    | Got an icy rune of Zot
142630 | Coc:7    | Identified the +6 glaive of Ettaeh {flame, Str+4}
143229 | Tomb:1   | Entered Level 1 of the Tomb of the Ancients
143894 | Tomb:1   | Noticed a royal mummy
143923 | Tomb:1   | Killed a royal mummy
145040 | Tomb:2   | Noticed a royal mummy
145040 | Tomb:2   | Noticed a royal mummy
145040 | Tomb:2   | Noticed a royal mummy
145041 | Tomb:2   | Noticed a royal mummy
145688 | Tomb:2   | Killed a royal mummy
145691 | Tomb:2   | Killed a royal mummy
145701 | Tomb:2   | Paralysed by a Zot trap for 4 turns
145702 | Tomb:2   | HP: 12/273 [death scarab (19)]
145702 | Tomb:2   | Killed from afar by a royal mummy

Illustrated notes

Levels and vault maps discovered:
D:1:      dpeg_arrival_chambers_temple_mockup, layout_basic,
          shapermc_ecumenical_altar_acropolis
D:2:      layout_basic
D:3:      layout_loops_ring, gup_sewer_entry_spiral, uniq_jessica
D:4:      layout_cave_pools, eat_drink_and_be_merry_uskayaw,
          kiku_gazebo_pond_becter, kennysheep_slug_shrine, minmay_lizard_king
D:5:      layout_cave_pools, lemuel_doored_altar, amcnicky_altar_gilded,
          general_overflow_altar, chequers_temple_overflow_statue_of_worship,
          bh_walls_and_bars, uniq_eustachio
D:6:      layout_basic, minmay_temple_entry_arrows, serial_shops,
          nicolae_lakefront_shop, uniq_blork_the_orc, uniq_edmund
D:7:      layout_basic, mainiacjoe_overflow_small_starburst,
          corexii_corridor_pit, amethyst_killhole
D:8:      layout_loops_ring, lemuel_tele_altar, lair_entry_dummy, serial_shops,
          nicolae_shop_crystal, nicolae_diamond_shop, nicolae_shop_behind_doors,
          enter_bailey_4, special_room [special_room_orc], guppyfry_shop_venom
D:9:      layout_cave_pools, nicolae_hepliaklqana_hazy_memory,
          nemelex_spade_bored_becter, gammafunk_ghost_spectres, grunt_livestock,
          nicolae_elemental_shop, uniq_harold, uniq_grum
D:10:     layout_loops_ring, hellmonk_ghost_big_iron, serial_shops,
          nicolae_shop_competitors_out_of_business, shop_statue,
          nicolae_shop_overgrown_old_shop
D:11:     layout_cave_pools, david_orc_3
D:12:     layout_gridville, special_room [special_room_orc]
D:13:     layout_gridville, uniq_jorgrun
D:14:     layout_gridville, grunt_vaults_entry_fortified, minmay_curled_crystal,
          serial_shops, nicolae_diamond_shop, water_maze_lemuel, uniq_agnes
D:15:     grunt_enter_depths_hoard, layout_long_grid, elyvilon_altar_3,
          special_room [special_room_orc], serial_shops, shop
Temple:   compressed_dpeg_circular_temple
Lair:1:   layout_roguey, nicolae_volcano_entry_s_turn, grunt_megastairs_4,
          serial_bayou_shore_a, uniq_joseph
Lair:2:   layout_regular_city, gammafunk_ghost_grave, evilmike_ambush
          [evilmike_ambush_outer_pillars, evilmike_ambush_inner_wall_1]
Lair:3:   layout_cave_pods, swamp_mist, minmay_snake_entry_guardpost_small,
          chequers_serial_rivers_room_a
Lair:4:   layout_cave_pods
Lair:5:   layout_misc_corridors, minivault_23, serial_bayou_shore_b
Lair:6:   gammafunk_lair_ancient_temple, layout_regular_city,
          minmay_slime_entry_jelly_boxes, nicolae_lair_yak_garden
Swamp:1:  layout_basic_swamp, gammafunk_ghost_mausoleum, basic_altar,
          swamp_pool1
Swamp:2:  layout_falls_marsh, serial_swamp_ruin, evilmike_swamp_ruin_house_3,
          evilmike_swamp_ruin_house_5, swamp_pool4
Swamp:3:  layout_basic_swamp, hangedman_swamp_cone, uniq_kirke
Swamp:4:  swamp_old_school, layout_basic_swamp, swamp_pool4
Snake:1:  layout_concentric_octagons, guppyfry_library_mini, uniq_aizul
Snake:2:  layout_basic
Snake:3:  layout_cave_town, grunt_megastairs_3
Snake:4:  minmay_snake_end_coiled, layout_cave_shapes, serial_shops, shop,
          minmay_shop_star, uniq_roxanne, uniq_vashnia
Slime:1:  layout_caves
Slime:2:  layout_caves, basic_altar
Slime:3:  layout_caves
Slime:4:  layout_caves
Slime:5
Orc:1:    layout_diamond_mine, serial_shops, nicolae_shop_hallway_stairs, shop,
          shop, shop, nicolae_orc_damp_corner
Orc:2:    grunt_orc_cross, layout_caves, basic_altar, gammafunk_ghost_smash,
          nicolae_alphabet_shops
Elf:1:    nicolae_elf_arrival_aired_out, layout_gridlike, orc_legates
Elf:2:    nicolae_elf_blades_crystal_corner, layout_loops_ring, serial_shops,
          shop, grunt_ministairs_9, nicolae_elf_free_trip_to_the_abyss
Elf:3:    minmay_elf_hall_not_hex, layout_geoelf_octagon,
          amcnicky_mini_rare_corridor_liquid, fountainhead, solitary_fountain
Vaults:1: hangedman_vaults_capsules, nicolae_vaults_little_squares_2,
          vaults_room_pools, vaults_room_large_hall, hangedman_vaults_pinch,
          grunt_vaults_diagonal, nicolae_vaults_rhombus_5,
          nicolae_vaults_diagonal_hallway_7, hangedman_vaults_snaps,
          nicolae_vaults_network_quinsquares
          [nicolae_vaults_network_quincunx_subvault,
          nicolae_vaults_network_quincunx_subvault,
          nicolae_vaults_network_quincunx_subvault,
          nicolae_vaults_network_quincunx_subvault], hangedman_vaults_cutoff,
          nicolae_vaults_lopsided_apartments, vaults_room_corners,
          nicolae_vaults_gold_heap, layout_vaults_omnicross
Vaults:2: portal_desolation_entry_nicolae_slug, ontoclasm_vaults_bender,
          hangedman_vaults_nails, minmay_crypt_entry_necro_gods,
          nicolae_vaults_circle_grid_b, hangedman_vaults_trim, v_misc_31,
          nicolae_vaults_alarming, nicolae_vaults_windows_and_doors_thing,
          v_misc_8, nicolae_vaults_three_branches, nicolae_vaults_theta,
          special_room_vaults [special_room_orc], ontoclasm_vaults_misaligned,
          vaults_dpeg_encased_lava, vaults_dpeg_hooks, layout_vaults_ring
Vaults:3: vaults_room_mumra_shop_pool, ontoclasm_vaults_shuriken, v_misc_29,
          nicolae_vaults_murderbox, v_alt_pattern_1, vaults_room_grid,
          nicolae_vaults_theta, ontoclasm_vaults_loading_screen,
          layout_vaults_omnigrid, serial_shops, nicolae_shop_stone, uniq_mara
Vaults:4: v_misc_9, hangedman_vaults_locks, ontoclasm_vaults_spin, v_misc_16,
          grunt_tower_of_power, v_misc_16, v_rooms_6,
          nicolae_vaults_border_crossing, vaults_mumra_lcd, vaults_room_corners,
          nicolae_vaults_ring_of_whatevers, layout_vaults_omnibox, serial_shops,
          shop
Vaults:5: serial_shops
Crypt:1:  layout_gridlike, nicolae_crypt_cryptocurrency,
          nicolae_crypt_small_crypt, uniq_donald, uniq_khufu
Crypt:2:  layout_chaotic_city, hellmonk_ghost_happy_afterlife,
          nicolae_crypt_twisting_catacombs, grunt_ministairs_12,
          due_unseen_surprise, grunt_megastairs_5, uniq_saint_roka,
          uniq_bai_suzhen
Crypt:3:  lightli_unholy_cathedral, layout_chaotic_city, grunt_megastairs_1,
          uniq_jory
Tomb:1
Tomb:2
Depths:1: layout_big_octagon, enter_ziggurat_c, abyss_entry, kennysheep_nub,
          serial_shops, shop, grunt_hell_entry_dis_old, minmay_protected_statue,
          roderic_lattice_octagonal_star, minmay_shop_grove
Depths:2: grunt_forest_end_winery, layout_small_grid, rand_demon_pan_entry_7,
          hell_entry, minmay_staircase_windowed_large
Depths:3: kennysheep_cluttered_fort, layout_gridlike, abyss_entry_flame_altar,
          kennysheep_flooded_box, hell_entry, minmay_shoptagon, uniq_boris
Depths:4: evilmike_zot_entry_argh, layout_gridlike, corexii_corridor_pit,
          minmay_room_of_horrors, hell_entry
Hell
Dis:1:    layout_subdivisions, nicolae_dis_emergency_hatch
Dis:2:    layout_subdivisions, evilmike_ambush [evilmike_ambush_outer_corners,
          evilmike_ambush_inner_basic]
Dis:3:    layout_subdivisions, hangedman_dis_chains
Dis:4:    layout_jigsaw
Dis:5:    nicolae_dis_hell_towers
Dis:6:    layout_gridville, nicolae_hells_seeping_fissure
Dis:7:    dis_grunt_layers
Geh:1:    layout_gehenna_pools_basic
Geh:2:    layout_gehenna_lava_caves, lemuel_flamethrower_3
Geh:3:    layout_gehenna_pools_box
Geh:4:    layout_gehenna_lava_caves
Geh:5:    layout_gehenna_lava_caves
Geh:6:    layout_gehenna_pools_basic
Geh:7:    geh_mu
Coc:1:    layout_cocytus_water_paths
Coc:2:    layout_cocytus_water_paths
Coc:3:    layout_ice_bergs, nicolae_hells_hurtin_island
Coc:4:    layout_ice_bergs, serial_ice, serial_ice_h, serial_ice_a
Coc:5:    layout_cocytus_delve, serial_ice, serial_ice_f, serial_ice_h,
          serial_ice_n, serial_ice_c
Coc:6:    layout_cocytus_water_paths
Coc:7:    coc_dpeg
Tar:1:    layout_honeycomb, nicolae_tar_cuneiform_oil
Tar:2:    layout_grid_maze
Tar:3:    layout_honeycomb
Tar:4:    layout_honeycomb
Tar:5:    layout_catacombs, nicolae_tar_cuneiform_bread
Tar:6:    layout_cathedral_of_symmetry, nicolae_tar_cuneiform_sun,
          nicolae_tar_spectre_spectrum
Tar:7:    tar_old
Zot:1:    nicolae_moth_party, layout_gridlike, nicolae_lava_and_water,
          grunt_ministairs_11, st_small_dragon_hoard_4
Zot:2:    layout_concentric_octagons, st_stairs_6
Zot:3:    layout_misc_corridors
Zot:4:    layout_onion, gammafunk_ghost_necromancy, lemuel_elevator
Zot:5:    layout_basic

Skill      XL: |  1  2  3  4  5  6  7  8  9 10 11 12 13 14 15 16 17 18 19 20 21 22 23 24 25 26 27 |
---------------+----------------------------------------------------------------------------------+-----
Maces & Flails | 3 4 5 6 7 10 11 12 14 15 16 20 | 20.0
Fighting       | 4 5 6 7 8 9 10 12 13 14 16 17 18 19 20 21 22 24 25 26 27 | 27.0
Throwing       | 1 2 3 4 5 6 7 8 9 10 11 12 13 14 15 16 24 | 24.6
Invocations    | 3 4 6 9 10 11 13 14 15 16 19 21 22 27 | 27.0
Dodging        | 2 4 5 8 10 12 13 14 15 27 | 27.0
Armour         | 4 6 8 9 12 14 15 16 17 18 19 20 21 22 23 27 | 27.0
Shields        | 4 5 9 13 15 17 18 20 27 | 27.0
Stealth        | 18 | 18.7
Evocations     | 26 | 26.2

Action                   |  1- 3 |  4- 6 |  7- 9 | 10-12 | 13-15 | 16-18 | 19-21 | 22-24 | 25-27 || total
-------------------------+-------+-------+-------+-------+-------+-------+-------+-------+-------++-------
Melee: Flail             |    65 |   135 |   351 |   534 |  1147 |  1331 |  1465 |   663 |    70 ||  5761
       Headbutt          |     6 |    11 |    52 |   124 |   343 |   424 |   511 |   268 |  2777 ||  4516
       Staff             |       |       |       |       |       |    73 |    26 |       |       ||    99
       Eveningstar       |       |       |       |       |       |       |       |   213 |  1845 ||  2058
       Sacred scourge    |       |       |       |       |       |       |       |       |  5588 ||  5588
Throw: Dart              |       |     9 |    25 |     7 |    31 |       |     2 |       |     2 ||    76
       Boomerang         |       |       |     3 |     4 |    58 |   312 |   338 |   252 |   690 ||  1657
       Javelin           |       |       |       |       |     4 |       |    58 |    15 |   408 ||   485
Invok: Heroism           |       |       |     4 |    18 |    25 |    33 |    40 |    15 |     2 ||   137
       Finesse           |       |       |       |     3 |    13 |    13 |    13 |     9 |     1 ||    52
       Cleansing Flame   |       |       |       |       |       |       |       |       |    74 ||    74
       Divine Shield     |       |       |       |       |       |       |       |       |    70 ||    70
       Brand Weapon With |       |       |       |       |       |       |       |       |     1 ||     1
       Vitalisation      |       |       |       |       |       |       |       |       |   170 ||   170
       Recite            |       |       |       |       |       |       |       |       |    24 ||    24
       Summon Divine War |       |       |       |       |       |       |       |       |    21 ||    21
       Donate Gold       |       |       |       |       |       |       |       |       |     3 ||     3
       Sanctuary         |       |       |       |       |       |       |       |       |     2 ||     2
Evoke: Wand              |       |       |       |     3 |       |       |       |     1 |    12 ||    16
       Phantom mirror    |       |       |       |       |       |       |       |       |     5 ||     5
  Use: Scroll            |       |     5 |    10 |    10 |     6 |     1 |     6 |    12 |    49 ||    99
       Potion            |       |       |     4 |     2 |     2 |     2 |     2 |    11 |    40 ||    63
 Stab: Petrified         |       |       |       |       |     3 |       |       |       |       ||     3
       Invisible         |       |       |       |       |     6 |     4 |       |     1 |       ||    11
       Distracted        |       |       |       |       |       |     1 |       |     1 |     4 ||     6
       Paralysed         |       |       |       |       |       |       |       |     2 |       ||     2
       Confused          |       |       |       |       |       |       |       |       |    26 ||    26
Armor: Scale mail        |    33 |    43 |    71 |       |       |       |       |       |       ||   147
       Chain mail        |       |       |    88 |   163 |   402 |   474 |   197 |       |       ||  1324
       Ring mail         |       |       |       |     8 |       |       |       |       |       ||     8
       Plate armour      |       |       |       |       |       |       |   351 |       |       ||   351
       Gold dragon scale |       |       |       |       |       |       |    24 |   333 |  1942 ||  2299
Dodge: Dodged            |    28 |    81 |   225 |   277 |   542 |   721 |   521 |   296 |  2487 ||  5178
Block: Buckler           |    15 |    33 |    74 |   127 |   598 |   655 |       |       |       ||  1502
       Reflection        |       |       |       |       |    26 |    87 |    62 |    53 |   255 ||   483
       Tower shield      |       |       |       |       |       |   308 |  1694 |   819 |  7724 || 10545
       Kite shield       |       |       |       |       |       |    57 |       |       |       ||    57
